 Dungeon Crawl Stone Soup version 0.24-a0-439-g6dd8730de2 (webtiles) character file.

Game seed: 1368630591442968461

2 mhoghedin the Conjurer (level 1, -1/10 HPs)
             Began as a Kobold Conjurer on June 18, 2019.
             Slain by a leopard gecko (4 damage)
             ... on level 1 of the Dungeon.
             The game lasted 00:01:02 (317 turns).

mhoghedin the Conjurer (Kobold Conjurer)             Turns: 317, Time: 00:01:03

Health: -1/10      AC:  2    Str:  5    XL:     1   Next: 44%
Magic:  0/3        EV: 15    Int: 16    God:
Gold:   10         SH:  0    Dex: 15    Spells: 3/4 levels left

rFire    . . .     SeeInvis .   (weapon restricted)
rCold    . . .     Gourm    .   (shield restricted)
rNeg     . . .     Faith    .   a - +0 robe
rPois    .         Spirit   .   (no helmet)
rElec    .         Reflect  .   (no cloak)
rCorr    .         Harm     .   (no gloves)
MR       .....                  (no boots)
Stlth    ++........             (no amulet)
HPRegen  0.03/turn              (no ring)
MPRegen  0.08/turn              (no ring)

@: very slightly contaminated
A: small, carnivore
a: no special abilities


You were on level 1 of the Dungeon.
You were not hungry.

You visited 1 branch of the dungeon, and saw 1 of its levels.

You collected 10 gold pieces.

Inventory:

Armour
 a - a +0 robe (worn)
Scrolls
 b - a scroll of teleportation {unknown}
 d - a scroll of identify {unknown}
Comestibles
 c - a ration


   Skills:
 - Level 0.2 Fighting
 - Level 2.4 Dodging
 - Level 2.8 Stealth
 - Level 2.1 Spellcasting
 + Level 4.0 Conjurations


You had 3 spell levels left.
You knew the following spells:

 Your Spells              Type           Power        Failure   Level  Hunger
a - Magic Dart            Conj           ##..         3%          1    #......

Your spell library contained the following spells:

 Spells                   Type           Power        Failure   Level  Hunger
 Searing Ray              Conj           ##....       6%          2    ###....
 Dazzling Spray           Conj/Hex       #.....       26%         3    ###....
 Iskenderun's Mystic Bla  Conj           ##......     36%         4    #####..
 Force Lance              Conj/Tloc      #.......     65%         4    #####..
 Fulminant Prism          Conj/Hex       #.........   65%         4    #####..


Dungeon Overview and Level Annotations

Branches:
Dungeon (1/15)

Altars:


Innate Abilities, Weirdness & Mutations

You are small and have problems with some larger weapons.
You are carnivorous and can eat meat at any time.


Message History

Will you prevail where others failed? Will you find the Orb of Zot?
Found a staircase leading out of the dungeon.
You open the door.
There is an open door here.
You open the door.
There is an open door here.
You open the door.
There is an open door here.
You now have 10 gold pieces.
Found a stone staircase leading down.
A bat comes into view.
Aim: a bat The magic dart hits the bat.
You now have 2/3 mp.
Aim: a bat (heavily wounded)
The magic dart hits the bat.
You kill the bat!
You now have 1/3 mp.
You can't see any susceptible monsters within range! (Use Z to cast anyway.)
A frilled lizard comes into view.
A frilled lizard is nearby!
Aim: a frilled lizard (resting)
You miscast Magic Dart.
You are very lightly contaminated with residual magic.
Nothing appears to happen.
You now have 1/3 mp.
Aim: a frilled lizard (resting)
You miscast Magic Dart.
Nothing appears to happen.
You now have 0/3 mp.
You don't have enough magic to cast that spell.
You start resting.
MP restored: 3 Your magical contamination has completely faded away.
b - a scroll labeled GYKAURGH LIWN
d - a scroll labeled CIXUUHESAY A leopard gecko and a giant cockroach come into view.
The leopard gecko hisses angrily.
Aim: a leopard gecko The magic dart hits the leopard gecko but does no damage.
You now have 2/3 mp.
Aim: a leopard gecko (clinging)
The magic dart hits the leopard gecko but does no damage.
The leopard gecko barely misses you.
You now have 1/3 mp.
Aim: a leopard gecko (clinging)
The magic dart hits the leopard gecko.
The leopard gecko bites you but does no damage.
The leopard gecko barely misses you.
You now have 0/3 mp.
Unknown command.
The leopard gecko barely misses you.
Aim: a leopard gecko (lightly wounded, clinging)
The magic dart hits the leopard gecko but does no damage.
The leopard gecko barely misses you.
You now have 0/3 mp.
The leopard gecko bites you.
You take 4 damage, and have 6/10 hp.
MASSIVE DAMAGE!!
The leopard gecko barely misses you. The leopard gecko closely misses you.
The leopard gecko closely misses you.
The giant cockroach bites you but does no damage.
Aim: a giant cockroach (clinging)
The magic dart hits the giant cockroach.
The giant cockroach misses you.
You now have 1/3 mp.
Aim: a giant cockroach (heavily wounded, clinging)
You miscast Magic Dart.
You are very lightly contaminated with residual magic.
Nothing appears to happen.
The giant cockroach bites you but does no damage.
You now have 0/3 mp.
The giant cockroach closely misses you.
Aim: a giant cockroach (heavily wounded, clinging)
You miscast Magic Dart.
You are momentarily dazzled by a flash of light!
The giant cockroach bites you but does no damage.
You now have 0/3 mp.
The giant cockroach completely misses you.
The giant cockroach completely misses you.
The giant cockroach bites you but does no damage.
Aim: a giant cockroach (heavily wounded, clinging)
The magic dart hits the giant cockroach.
You kill the giant cockroach!
You now have 0/3 mp.
The leopard gecko bites you.
Ouch! That really hurt!
* * * LOW HITPOINT WARNING * * *
You take 5 damage, and have 3/10 hp.
MASSIVE DAMAGE!!
The leopard gecko misses you.
You see here a giant cockroach corpse.
Aim: a leopard gecko (clinging)
The magic dart hits the leopard gecko.
The leopard gecko closely misses you.
You now have 0/3 mp.
The leopard gecko bites you but does no damage.
The leopard gecko hisses menacingly.
The leopard gecko bites you.
You die...

#. #..# ### ##.## #.##..#
#.. #.## ...###..#..#
..### #... ...........#
#... #### ..#####.#..#
#..# ..... ...#....##
#..###########
..........###..#..........
#.##.####.l....##.########
#.##.#.#.@####.##.#......#
....#.#...†..##.#.####.#
##.####.#######.#.#.....
#......###.....#.#.....
##....#..#.###.#.#.....
##...#..#.#...#.#.....
#...#..#.#####.#.....
#..>#..#.......#.....
#####......############.#


You could see a leopard gecko.

Vanquished Creatures
  A bat (D:1)
  A giant cockroach (D:1)
2 creatures vanquished.

Notes
Turn   | Place    | Note
-------+----------+-------------------------------------------
     0 | D:1      | mhoghedin the Kobold Conjurer began the quest for the Orb.
     0 | D:1      | Reached XP level 1. HP: 10/10 MP: 3/3
   317 | D:1      | Slain by a leopard gecko

Levels and vault maps discovered:
D:1:      erik_arrival_triangle_medium, layout_basic, minmay_misc_feat_tiny,
          minmay_domino_2

Action                   || total
-------------------------++-------
 Cast: Magic Dart        ||     9
Armor: Robe              ||     6
Dodge: Dodged            ||    13

Table legend:
 A = Non-vault XP
 B = Vault XP
 C = Vault XP percentage of total XP
 D = Non-vault monster count
 E = Vault monster count
 F = Vault count percentage of total count
                 A         B        C        D         E       F
            +---------+---------+-------+---------+---------+-------
      Total |       4 |       0 |   0.0 |       2 |       0 |   0.0
            +---------+---------+-------+---------+---------+-------
        D:1 |       4 |       0 |   0.0 |       2 |       0 |   0.0
            +---------+---------+-------+---------+---------+-------

Levels and vault maps discovered:
D:1:      erik_arrival_triangle_medium, layout_basic, minmay_misc_feat_tiny,
          minmay_domino_2

Table legend:
 A = Turns spent in this place as a percentage of turns spent in the entire game.
 B = Non-inter-level travel turns spent in this place as a percentage of non-inter-level travel turns spent in the entire game.
 C = Inter-level travel turns spent in this place as a percentage of turns spent in this place.
 D = Turns resting spent in this place as a percentage of non-inter-level travel turns spent in this place.
 E = Turns spent auto-exploring this place as a percentage of non-inter-level travel turns spent in this place.
 F = Non-inter-level travel turns spent in this place divided by the number of levels of this place that you've seen.
                   A       B       C       D       E      F
               +-------+-------+-------+-------+-------+----------------------
         Total | 100.0 | 100.0 |   0.0 |   4.1 |  62.5 | 317.0
       Dungeon | 100.0 | 100.0 |   0.0 |   4.1 |  62.5 | 317.0
               +-------+-------+-------+-------+-------+----------------------

Table legend:
 A = Kills in this place as a percentage of kills in entire the game.
 B = Kills by you in this place as a percentage of kills by you in the entire game.
 C = Kills by friends in this place as a percentage of kills by friends in the entire game.
 D = Other kills in this place as a percentage of other kills in the entire game.
 E = Experience gained in this place as a percentage of experience gained in the entire game.
 F = Experience gained in this place divided by the number of levels of this place that you have seen.
                   A       B       C       D       E      F
               +-------+-------+-------+-------+-------+----------------------
         Total | 100.0 | 100.0 |   N/A |   N/A | 100.0 |   4.0
       Dungeon | 100.0 | 100.0 |   N/A |   N/A | 100.0 |   4.0
               +-------+-------+-------+-------+-------+----------------------
